 Dungeon Crawl Stone Soup version 0.29-a0-857-g9b1aa3ac5b (webtiles) character file.

Game seed: 13006133141104067054

95 Sabo the Digger (level 4, -1/27 HPs)
             Began as an Octopode Earth Elementalist on July 16, 2022.
             Was a Believer of Elyvilon.
             Slain by an orc wizard
             ... wielding a +0 dagger
              (2 damage)
             ... on level 3 of the Dungeon.
             The game lasted 00:20:00 (3466 turns).

Sabo the Digger (Octopode Earth Elementalist)       Turns: 3466, Time: 00:20:01

Health: -1/27      AC:  1    Str:  7    XL:     4   Next: 65%
Magic:  7/8        EV: 13    Int: 19    God:    Elyvilon [**....]
Gold:   99         SH:  0    Dex: 12    Spells: 8/9 levels left

rFire   . . .      SeeInvis .   j - +0 long sword
rCold   + . .      Faith    .   (no shield)
rNeg    . . .      Spirit   .   (helmet restricted)
rPois   .          Reflect  .   (no amulet)
rElec   .          Harm     .   b - ring of protection from cold
rCorr   .          Rampage  .   (no ring)
Will    .....                   (no ring)
Stlth   +++.......              (no ring)
HPRegen 0.09/turn               (no ring)
MPRegen 0.11/turn               (no ring)
                                (no ring)
                                (no ring)

@: no status effects
A: almost no armour, amphibious, 8 rings, camouflage 1, gelatinous body 1,
(nimble swimmer 1), tentacles
a: Renounce Religion, Purification, Heal Other


You were on level 3 of the Dungeon.
You worshipped Elyvilon.
Elyvilon was pleased with you.
You visited 1 branch of the dungeon, and saw 3 of its levels.

You collected 99 gold pieces.

Inventory:

Hand Weapons
 j - a +0 long sword (weapon)
Missiles
 h - 2 poisoned darts (quivered)
Jewellery
 b - a ring of protection from cold (left tentacle)
Scrolls
 d - a scroll of magic mapping {unknown}
 f - a scroll of teleportation
 g - 2 scrolls of identify {unknown}
Potions
 a - a potion of magic
 c - a potion of haste {unknown}
 e - a potion of resistance {unknown}
 i - a potion of attraction
 k - a potion of brilliance {unknown}
 m - a potion of lignification {unknown}
 n - a potion of mutation {unknown}


   Skills:
 + Level 2.2 Dodging
 + Level 3.2 Stealth
 + Level 3.1 Spellcasting
 + Level 1.0 Transmutations
 + Level 4.1 Earth Magic


You had 8 spell levels left.
You knew the following spells:

 Your Spells              Type           Power      Damage    Failure   Level
a - Sandblast             Erth           36%        2d10      2%          1

Your spell library contained the following spells:

 Spells                   Type           Power      Damage    Failure   Level
 Passwall                 Tmut/Erth      10%        N/A       8%          2
 Stone Arrow              Conj/Erth      20%        3d8       19%         3
 Petrify                  Tmut/Erth      12%        N/A       45%         4
 Summon Ice Beast         Ice/Summ       3%         N/A       83%         4
 Summon Mana Viper        Hex/Summ       3%         N/A       99%         5
 Monstrous Menagerie      Summ           1%         N/A       100%        7


Dungeon Overview and Level Annotations

Branches:
Dungeon (3/15)

Altars:
Elyvilon

Shops:
D:2 !

Annotations:
D:3 Ijyb


Innate Abilities, Weirdness & Mutations

You cannot wear most types of armour.
You are amphibious.
You can wear up to eight rings at the same time.
Your skin changes colour to match your surroundings (Stealth+).
Your rubbery body absorbs attacks. (AC +1, EV +1)
((You are camouflaged when in or above water. (Stealth+)))
You have tentacles for arms and can constrict up to eight enemies at once.


Message History

You see here a +0 dagger.
You bump into the rock wall.
An orc comes into view. It is wielding a +0 club.
The orc closely misses you.
An orc comes into view. It is wielding a +0 whip.
You're too confused to cast spells.
Unknown command.
You're too confused to cast spells.
Unknown command.
You're too confused to move!
The orc misses you.
You bump into the rock wall.
You feel less confused.
A magic dart appears from out of thin air!
The magic dart hits you!
You closely miss the orc.
The orc shouts!
Your grab misses the orc. You squeeze the orc.
The orc is severely wounded.
You hear a shout!
The orc hits you with a +0 falchion.
You closely miss the orc. Your grab misses the orc.
The orc is severely wounded.
The orc closely misses you. Something hits you.
* * * LOW HITPOINT WARNING * * *
Something hits you.
* * * LOW HITPOINT WARNING * * *
The orc drinks a potion.
The orc is healed!
Casting: Sandblast (safe; 2% risk of failure)
Confirm with . or Enter, or press ? or * to list all spells.
Aiming: Sandblast (safe; 2% risk of failure)
Press: ? - help, Shift-Dir - straight line, f - orc
Aim: an orc, wielding a +0 falchion (79% to hit)
The blast of sand hits the orc!
You kill the orc!
A goblin comes into view. It is wielding a +0 dagger.
Something hits you.
* * * LOW HITPOINT WARNING * * *
You closely miss something. Your squeeze misses something. The orc misses you.
Something hits you.
You die...

.........#
########
#@)...<#
#o######
###o######.
#..go....o.
...............
..........o....
.....##+######.
..r.. .!..


You could see 3 orcs and a goblin.

Vanquished Creatures
  Jessica (D:2)
  An adder (D:2)
  An ufetubus (D:3)
  A dart slug (D:1)
  An orc (D:3)
  3 ball pythons
  6 endoplasms
  A giant cockroach (D:1)
  3 hobgoblins
  6 jackals
  2 kobolds (D:3)
  A quokka (D:3)
  6 bats
  6 frilled lizards
  6 goblins
  4 rats
49 creatures vanquished.

Notes
Turn   | Place    | Note
-------+----------+-------------------------------------------
     0 | D:1      | Sabo the Octopode Earth Elementalist began the quest for
                  | the Orb.
     0 | D:1      | Reached XP level 1. HP: 11/11 MP: 3/3
   434 | D:1      | Reached XP level 2. HP: 17/17 MP: 3/5
   902 | D:1      | Reached XP level 3. HP: 21/21 MP: 3/6
  1035 | D:1      | Found a faded altar of an unknown god.
  1043 | D:1      | Prayed at the altar of an unknown god.
  1043 | D:1      | Became a worshipper of Elyvilon the Healer
  1043 | D:1      | Reached * piety under Elyvilon
  1764 | D:2      | Found Ihali's Distillery.
  2330 | D:2      | Reached ** piety under Elyvilon
  2502 | D:2      | Noticed Jessica
  2509 | D:2      | Killed Jessica
  2510 | D:2      | Reached XP level 4. HP: 22/27 MP: 5/8
  2861 | D:3      | Noticed Ijyb
  2972 | D:3      | Reached skill level 4 in Earth Magic
  3157 | D:3      | Elyvilon protects you from harm!
  3465 | D:3      | HP: 1/27 [something (5)]
  3466 | D:3      | Slain by an orc wizard

Illustrated notes

Levels and vault maps discovered:
D:1:      heliophobic_arrival_battle_scene, layout_basic,
          dreamdust_ecumenical_altar_statues, minmay_misc_feat_alley,
          amethyst_killhole
D:2:      layout_basic, serial_shops, nicolae_lakefront_shop, uniq_jessica
D:3:      layout_basic, item_on_display_a, uniq_ijyb, uniq_terence

Skill      XL: |  1  2  3  4 |
---------------+-------------+-----
Stealth        | 3 |  3.2
Spellcasting   | 3 |  3.1
Earth Magic    | 4 |  4.1
Dodging        | |  2.2
Transmutations | |  1.0

Action                   |  1- 3 |  4- 6 || total
-------------------------+-------+-------++-------
Melee: Dagger            |    11 |       ||    11
       Constrict         |     5 |     1 ||     6
       Tentacles         |     4 |     1 ||     5
       Long sword        |     3 |     8 ||    11
 Cast: Sandblast         |    41 |    19 ||    60
  Use: Potion            |       |     3 ||     3
       Scroll            |       |     1 ||     1
Armor: Skin              |     2 |     1 ||     3
Dodge: Dodged            |    23 |    11 ||    34

Table legend: (Time is in decaauts)
 A = Elapsed time spent in this place.
 B = Non-inter-level travel time spent in this place.
 C = Inter-level travel time spent in this place.
 D = Time resting spent in this place.
 E = Time spent auto-exploring this place.
 F = Levels seen in this place.
 G = Mean time per level.
                   A        B        C        D        E       F      G
               +--------+--------+--------+--------+--------+-----+--------+
         Total |   3536 |   3527 |      9 |    980 |      0 |   3 | 1178.7 |
       Dungeon |   3536 |   3527 |      9 |    980 |      0 |   3 | 1178.7 |
               +--------+--------+--------+--------+--------+-----+--------+

Top non-repeatable levels by time:
     D:2: 1709 daAuts
     D:1: 1587 daAuts
     D:3: 239 daAuts
